 Dungeon Crawl Stone Soup version 0.24-a0-251-g44e327e (webtiles) character file.

Game seed: 14946272378003192364

276 Borgoz the Cutter (level 6, -1/37 HPs)
             Began as a Kobold Gladiator on Apr 16, 2019.
             Killed from afar by an orc wizard (10 damage)
             ... with a magic dart
             ... on level 3 of the Dungeon.
             The game lasted 00:02:56 (2334 turns).

Borgoz the Cutter (Kobold Gladiator)                Turns: 2334, Time: 00:02:57

Health: -1/37      AC:  7    Str: 14    XL:     6   Next: 50%
Magic:  6/6        EV: 17    Int:  9    God:
Gold:   140        SH:  0    Dex: 16    Spells: 5/5 levels left

rFire    . . .     SeeInvis .   a - +0 rapier
rCold    . . .     Gourm    .   (shield restricted)
rNeg     + . .     Faith    .   b - +0 leather armour
rPois    .         Spirit   .   o - +2 helmet
rElec    .         Reflect  .   j - scarf {repulsion}
rCorr    .         Harm     .   (no gloves)
MR       .....                  g - +0 pair of boots
Stlth    ++........             (no amulet)
HPRegen  0.12/turn              n - ring of positive energy
MPRegen  0.10/turn              (no ring)

@: repel missiles
A: small, carnivore
a: no special abilities


You were on level 3 of the Dungeon.
You were completely stuffed.

You visited 1 branch of the dungeon, and saw 3 of its levels.

You collected 140 gold pieces.

Inventory:

Hand Weapons
 a - a +0 rapier (weapon)
Missiles
 d - a throwing net (quivered)
Armour
 b - a +0 leather armour (worn)
 g - a +0 pair of boots (worn)
 j - a scarf of repulsion (worn)
 o - a +2 helmet (worn)
Jewellery
 n - a ring of positive energy (left hand)
Scrolls
 h - a scroll of enchant armour {unknown}
 i - a scroll of identify {unknown}
 l - a scroll of amnesia {unknown}
 m - a scroll of fear {unknown}
 p - a scroll of random uselessness {unknown}
Potions
 e - 2 potions of brilliance
Comestibles
 c - 13 chunks of flesh
 f - 3 rations


   Skills:
 + Level 3.5 Fighting
 + Level 5.3 Short Blades
 - Level 2.1 Throwing
 + Level 2.0 Armour
 + Level 4.9 Dodging
 + Level 3.6 Stealth


You had 5 spell levels left.
You didn't know any spells.
Your spell library was empty.

Dungeon Overview and Level Annotations

Branches:
Dungeon (3/15)

Altars:
Yredelemnul


Innate Abilities, Weirdness & Mutations

You are small and have problems with some larger weapons.
You are carnivorous and can eat meat at any time.


Message History

You impale the orc priest!!
You kill the orc priest!
Your Armour skill increases to level 2!
You closely miss the goblin. The goblin completely misses you.
You hit the goblin.
The goblin is severely wounded.
The goblin barely misses you.
You barely miss the goblin.
The goblin is severely wounded.
The goblin hits you but does no damage.
You hit the goblin.
You kill the goblin!
A magic dart appears from out of thin air!
The magic dart hits you.
* * * LOW HITPOINT WARNING * * *
The orc throws a stone.
The stone hits you but does no damage.
You hear some strange, mumbled words.
A magic dart appears from out of thin air!
The magic dart hits you!
You die...

.......# #.).# .....
.......# #...##......
#)# #...(#o..<.. #.#
###!.†.)...... #÷#
#......#...... #.#
##.#....##..... #÷#
##.....#.#>.....
####.####...##.#o{K.....
..........####.#@#......
.≈..(.....# #.#(##.....
P≈≈.....P.# #...# #....
.P≈≈≈≈....# #...# #...
.≈≈≈≈≈P..## #.... .##
≈≈≈≈≈≈≈.P# #.### #
≈≈≈≈≈≈≈≈P# #. ≈≈≈≈≈≈≈≈.#
#. ≈≈≈≈≈≈≈P.# #.


You could see an orc and a kobold.

Vanquished Creatures
  A scorpion (D:3)
  An orc priest (D:3)
  Jessica (D:2)
  A worker ant (D:2)
  Robin (D:2)
  8 adders
  3 leopard geckos
  6 orcs (D:3)
  A giant cockroach (D:3)
  17 goblins
  8 hobgoblins
  5 kobolds
  9 bats
  2 frilled lizards
  3 rats
67 creatures vanquished.

Notes
Turn   | Place    | Note
-------+----------+-------------------------------------------
     0 | D:1      | Borgoz the Kobold Gladiator began the quest for the Orb.
     0 | D:1      | Reached XP level 1. HP: 12/12 MP: 1/1
   386 | D:1      | Reached XP level 2. HP: 18/18 MP: 2/2
   451 | D:1      | Reached skill level 1 in Stealth
  1038 | D:2      | Reached XP level 3. HP: 20/22 MP: 3/3
  1042 | D:2      | Found a basalt altar of Yredelemnul.
  1099 | D:2      | Reached skill level 1 in Armour
  1099 | D:2      | Reached XP level 4. HP: 26/27 MP: 4/4
  1456 | D:2      | Noticed Robin
  1493 | D:2      | Killed Robin
  1493 | D:2      | Reached XP level 5. HP: 27/32 MP: 5/5
  1672 | D:2      | Noticed Jessica
  1681 | D:2      | Killed Jessica
  2046 | D:3      | Reached skill level 5 in Short Blades
  2046 | D:3      | Reached XP level 6. HP: 37/37 MP: 6/6
  2334 | D:3      | Killed from afar by an orc wizard

Levels and vault maps discovered:
D:1:      wander_arrival_peaceful_grave, layout_loops_corners
D:2:      layout_loops_cross, yredelemnul_altar_generic, minmay_heptomino_l4,
          uniq_robin, uniq_jessica
D:3:      layout_rooms, nicolae_overflow_hidden_temple,
          biasface_ghost_orc_armoury, guppyfry_early_lair_pool

Skill      XL: |  1  2  3  4  5  6 |
---------------+-------------------+-----
Stealth        | 1 2 3 |  3.6
Armour         | 1 2 |  2.0
Dodging        | 4 |  4.9
Fighting       | 3 |  3.5
Short Blades   | 5 |  5.3
Throwing       | |  2.1

Action                   |  1- 3 |  4- 6 || total
-------------------------+-------+-------++-------
Melee: Rapier            |    72 |   178 ||   250
Throw: Throwing net      |     1 |     2 ||     3
  Use: Potion            |       |     3 ||     3
 Stab: Sleeping          |     3 |     2 ||     5
       Invisible         |       |     4 ||     4
       Held in net/web   |       |     1 ||     1
  Eat: Chunk             |     7 |     6 ||    13
Armor: Leather armour    |    21 |    46 ||    67
Dodge: Dodged            |    61 |   143 ||   204
       Deflected         |     1 |     1 ||     2

Table legend:
 A = Non-vault XP
 B = Vault XP
 C = Vault XP percentage of total XP
 D = Non-vault monster count
 E = Vault monster count
 F = Vault count percentage of total count
                 A         B        C        D         E       F
            +---------+---------+-------+---------+---------+-------
      Total |     316 |      79 |  20.0 |      51 |      16 |  23.9
            +---------+---------+-------+---------+---------+-------
        D:1 |      23 |       0 |   0.0 |      15 |       0 |   0.0
        D:2 |     121 |      79 |  39.5 |      18 |      16 |  47.1
        D:3 |     172 |       0 |   0.0 |      18 |       0 |   0.0
            +---------+---------+-------+---------+---------+-------
